 Dungeon Crawl Stone Soup version 0.20.0-15-g7f486f2 (webtiles) character file.

4193 Pikken the Grappler (level 10, -9/92 HPs)
             Began as a Troll Monk on June 18, 2017.
             Was a Priest of Makhleb.
             Mangled by a very large slime creature (22 damage)
             ... on level 10 of the Dungeon.
             The game lasted 00:25:35 (6035 turns).

Pikken the Grappler (Troll Monk)                    Turns: 6035, Time: 00:25:35

Health: -9/92      AC:  8    Str: 22    XL:     10   Next: 8%
Magic:  11/11      EV: 12    Int:  6    God:    Makhleb [***...]
Gold:   616        SH:  0    Dex: 14    Spells: 9/9 levels left

rFire    . . .     SeeInvis .     - Unarmed
rCold    . . .     Gourm    +   (no shield)
rNeg     . . .     Faith    .   v - +0 troll leather armour {Purgy}
rPois    .         Spirit   .   (helmet restricted)
rElec    .         Reflect  .   N - +0 cloak
rCorr    +         Harm     .   (gloves unavailable)
MR       .....                  (boots unavailable)
Stlth    ++........             (no amulet)
Regen    1.1/turn               s - ring of resist corrosion
MPRegen  0.2/turn               (no ring)

@: no status effects
A: unfitting armour, claws 3, fast metabolism 3, gourmand, regeneration 1,
shaggy fur 1, tough skin 2
a: Minor Destruction, Lesser Servant of Makhleb, Renounce Religion


You were on level 10 of the Dungeon.
You worshipped Makhleb.
Makhleb was most pleased with you.
You were completely stuffed.

You visited 2 branches of the dungeon, and saw 11 of its levels.
You also visited: Sewer.

You collected 616 gold pieces.

Inventory:

Hand Weapons
 P - the +4 glaive of the Toadstool {chop, -Tele rF+ rC+++ MR-}
   (You found it on level 10 of the Dungeon)

   It inflicts extra damage upon your enemies.
   It protects you from fire.
   It renders you almost immune to cold.
   It affects your resistance to hostile enchantments.
   It prevents most forms of teleportation.
Armour
 a - a +0 robe
 v - a +0 troll leather armour (worn) {Purgy}
 N - a +0 cloak (worn)
Jewellery
 p - an uncursed amulet of the gourmand
 s - a ring of resist corrosion (left claw)
 Q - an uncursed ring of positive energy
Wands
 q - a wand of confusion (34/48)
 w - a wand of random effects (34/48)
 A - a wand of paralysis (9/24)
 E - a wand of random effects (27/48)
 F - a wand of iceblast (3/15)
 L - a wand of enslavement (14/24)
 M - a wand of iceblast (2/15)
Scrolls
 c - 3 scrolls of identify
 f - 3 scrolls of magic mapping
 h - 3 scrolls of blinking {unknown}
 i - 3 scrolls of enchant armour {unknown}
 l - 3 scrolls of teleportation {unknown}
 m - 5 scrolls of remove curse {unknown}
 t - a scroll of amnesia {unknown}
 y - a scroll of noise {unknown}
 C - a scroll of torment {unknown}
 D - 2 scrolls of recharging {unknown}
 K - a scroll of summoning {unknown}
Potions
 d - 2 potions of flight
 e - a potion of degeneration {unknown}
 j - 4 potions of curing
 k - 3 potions of lignification
 o - 3 potions of resistance
 r - a potion of agility {unknown}
 u - a potion of heal wounds {unknown}
 x - a potion of berserk rage {unknown}
 B - 2 potions of haste {unknown}
 G - a potion of brilliance
 H - a potion of might {unknown}
 I - a potion of cancellation {unknown}
Books
 J - a book of Flames

   Spells                             Type                      Level
   a - Flame Tongue                   Conjuration/Fire             1
   b - Throw Flame                    Conjuration/Fire             2
   c - Conjure Flame                  Conjuration/Fire             3
   d - Inner Flame                    Hexes/Fire                   3
   e - Sticky Flame                   Conjuration/Fire             4
   f - Fireball                       Conjuration/Fire             5
Comestibles
 b - 6 bread rations
 g - 3 meat rations
 n - 2 royal jellies
 z - 6 fruits
 O - a chunk of flesh


   Skills:
 + Level 4.0 Fighting
 + Level 2.7 Armour
 + Level 4.9 Dodging
 - Level 2.2 Stealth
 * Level 11.6 Unarmed Combat
 * Level 3.6 Invocations


You had 9 spell levels left.
You didn't know any spells.

Dungeon Overview and Level Annotations

Branches:
Dungeon (11/15)            Temple (1/1) D:5
   Lair: D:8-11         Orc: D:9-12

Altars:
Ashenzari
Cheibriados
Dithmenos
Gozag
Makhleb
Nemelex Xobeh
Okawaru
Ru
Uskayaw
Vehumet
Yredelemnul
The Shining One

Portals:
Bailey: D:10


Innate Abilities, Weirdness & Mutations

You are too large for most types of armour.
You have claws for hands.
Your metabolism is lightning-fast.
You like to eat raw meat.
Your natural rate of healing is unusually fast.
You are covered in fur. (AC +1)
You have very tough skin. (AC +2)


Message History

The very large slime creature hits you!!
You are too injured to fight recklessly!
You are too injured to fight recklessly!
You are too injured to fight recklessly!
You are too injured to fight recklessly!
You are too injured to fight recklessly!
You scratch the very large slime creature.
The very large slime creature is moderately wounded.
The very large slime creature hits you!
You scratch the very large slime creature.
The very large slime creature is heavily wounded.
You barely miss the very large slime creature.
The very large slime creature is heavily wounded.
The very large slime creature hits you!!
* * * LOW HITPOINT WARNING * * *
You barely miss the very large slime creature.
You claw the very large slime creature!
The very large slime creature is heavily wounded.
The very large slime creature hits you!!
You die...

##..# #...##. ....
#... #.....
....### #..# #....
....... ##.. #...
...)... #..# ##...
..)∩).. #..#
##.... ...)...
###..# #.....
#......##....##
##...#.
#..J@.##..##
##..###.
#..######..###..##
## #.# ###.#..## #
## ##.### # ###


You could see a very large slime creature.

Vanquished Creatures
  A two-headed ogre (D:10)
  Maurice (D:10)
  The ghost of JarielCorvus the Thaumaturge, a novice DEWz of Vehumet (D:5)
  A slime creature (D:10)
  A wyvern (D:8)
  A water moccasin (D:5)
  Purgy (Sewer)
  3 orc warriors
  An ice beast (D:6)
  3 ogres
  2 phantoms
  A centaur (D:7)
  A big kobold (D:6)
  2 bullfrogs (D:7)
  A gnoll sergeant (D:7)
  2 scorpions
  3 killer bees (D:7)
  A howler monkey (D:6)
  2 crimson imps
  2 hounds
  5 orc priests
  3 orc wizards
  Natasha (thrice) (D:3)
  3 iguanas
  8 worker ants
  A hound zombie (D:6)
  3 gnolls (D:7)
  9 adders
  An ooze (D:4)
  An adder zombie (D:7)
  3 worms
  2 dart slugs
  9 leopard geckos
  14 orcs
  2 ball pythons
  11 bats
  15 giant cockroaches
  8 goblins
  3 hobgoblins
  6 jackals
  2 quokkas
  6 frilled lizards
  8 kobolds
  A leopard gecko skeleton (D:4)
  2 quokka skeletons
  4 rats (D:1)
164 creatures vanquished.

Notes
Turn   | Place    | Note
-------+----------+-------------------------------------------
     0 | D:1      | Pikken the Troll Monk began the quest for the Orb.
     0 | D:1      | Reached XP level 1. HP: 22/22 MP: 0/0
   285 | D:1      | Reached XP level 2. HP: 29/29 MP: 1/1
   671 | D:2      | Found a sparkling altar of Nemelex Xobeh.
   681 | D:2      | Reached XP level 3. HP: 30/36 MP: 2/2
  1499 | D:3      | Reached XP level 4. HP: 44/44 MP: 3/3
  1523 | D:3      | Noticed Natasha
  1530 | D:3      | Killed Natasha
  1530 | D:3      | Reached skill level 4 in Unarmed Combat
  1580 | D:3      | Noticed Natasha
  1584 | D:3      | Killed Natasha
  1776 | D:3      | Noticed Natasha
  1785 | D:3      | Killed Natasha
  1785 | D:3      | Reached XP level 5. HP: 25/53 MP: 4/4
  2389 | D:4      | Reached skill level 5 in Unarmed Combat
  2444 | D:4      | Noticed an ogre
  2552 | D:4      | Killed an ogre
  2552 | D:4      | Reached XP level 6. HP: 53/61 MP: 5/5
  2693 | D:4      | Found a sacrificial altar of Ru.
  2838 | D:4      | Found a glowing drain.
  2877 | Sewer    | Entered a sewer
  2903 | Sewer    | Noticed Purgy
  2919 | Sewer    | Killed Purgy
  2919 | Sewer    | Reached skill level 6 in Unarmed Combat
  3307 | D:5      | Entered Level 5 of the Dungeon
  3309 | D:5      | Noticed JarielCorvus's ghost (novice DEWz)
  3324 | D:5      | Killed JarielCorvus's ghost
  3324 | D:5      | Reached skill level 7 in Unarmed Combat
  3324 | D:5      | Reached XP level 7. HP: 45/67 MP: 6/6
  3417 | D:5      | Found a shattered altar of Ashenzari.
  3529 | D:5      | Reached skill level 1 in Armour
  3544 | D:5      | Found a staircase to the Ecumenical Temple.
  3552 | Temple   | Entered the Ecumenical Temple
  3617 | Temple   | Became a worshipper of Makhleb the Destroyer
  3617 | Temple   | Reached * piety under Makhleb
  3617 | Temple   | Reached ** piety under Makhleb
  3682 | D:5      | Reached XP level 8. HP: 75/75 MP: 7/7
  3788 | D:5      | Found a shadowy altar of Dithmenos.
  4364 | D:6      | Reached skill level 8 in Unarmed Combat
  4364 | D:6      | Reached skill level 1 in Invocations
  4728 | D:7      | Reached skill level 9 in Unarmed Combat
  4828 | D:7      | Reached XP level 9. HP: 79/83 MP: 9/9
  4948 | D:7      | Found a hide-covered altar of Uskayaw.
  4950 | D:7      | Reached *** piety under Makhleb
  5028 | D:7      | Reached skill level 10 in Unarmed Combat
  5701 | D:8      | You fall through a shaft for 3 floors!
  5717 | D:10     | Entered Level 10 of the Dungeon
  5747 | D:10     | Noticed Maurice
  5759 | D:10     | Killed Maurice
  5822 | D:10     | Reached skill level 11 in Unarmed Combat
  5950 | D:10     | Noticed a two-headed ogre
  5962 | D:10     | Killed a two-headed ogre
  5962 | D:10     | Reached XP level 10. HP: 59/92 MP: 11/11
  5973 | D:10     | Got a brightly glowing glaive
  5984 | D:10     | Identified the +4 glaive of the Toadstool {chop, -Tele rF+ rC+++ MR-} (You found it on level 10 of the Dungeon)
  6019 | D:10     | Found a flagged portal.
  6035 | D:10     | Mangled by a very large slime creature

Skill      XL: |  1  2  3  4  5  6  7  8  9 |
---------------+----------------------------+-----
Fighting       | 3 4 |  4.0
Unarmed Combat | 4 5 7 9 11 | 11.6
Dodging        | 3 4 |  4.9
Stealth        | 2 |  2.2
Armour         | 1 2 |  2.7
Invocations    | 2 3 |  3.6

Action                   |  1- 3 |  4- 6 |  7- 9 | 10-12 || total
-------------------------+-------+-------+-------+-------++-------
Melee: Unarmed           |    99 |   125 |   274 |    14 ||   512
       Punch             |     3 |     4 |     8 |     3 ||    18
  Use: Scroll            |     3 |     3 |     5 |     2 ||    13
       Potion            |       |     1 |       |       ||     1
 Stab: Sleeping          |     2 |     1 |     4 |       ||     7
       Distracted        |       |       |     1 |       ||     1
  Eat: Chunk             |    19 |    16 |    25 |     1 ||    61
Armor: Robe              |    37 |    33 |       |       ||    70
       Skin              |       |    11 |       |       ||    11
       Troll leather arm |       |     3 |    64 |       ||    67
Dodge: Dodged            |    51 |    55 |   129 |     2 ||   237
